 Dungeon Crawl Stone Soup version 0.29.1-2-gbd0b4ee654 (webtiles) character file.

Game seed: 17263591517202547411

76945 itabs500 the Grappler (level 15, -8/223 HPs)
             Began as a Troll Gladiator on Oct 24, 2022.
             Was a Follower of Jiyva.
             Mangled by a shock serpent (9 damage)
             ... on level 2 of the Snake Pit.
             The game lasted 00:59:02 (21553 turns).

itabs500 the Grappler (Troll Gladiator)            Turns: 21553, Time: 00:59:03

Health: -8/223     AC: 14    Str: 28    XL:     15   Next: 13%
Magic:  14/14      EV: 10    Int:  4    God:    Jiyva [*.....]
Gold:   2482       SH: 14    Dex: 21    Spells: 14/14 levels left

rFire   . . .      SeeInvis +     - Unarmed
rCold   + . .      Faith    .   I - +2 tower shield {rC+}
rNeg    . . .      Spirit   .   o - +2 swamp dragon scales
rPois   +          Reflect  .   b - +0 hat
rElec   .          Harm     .   (no cloak)
rCorr   .          Rampage  .   (gloves unavailable)
Will    +....                   (boots unavailable)
Stlth   ..........              y - amulet of regeneration
HPRegen 2.87/turn               i - +6 ring of dexterity
MPRegen 0.39/turn               j - ring of see invisible

@: berserking, constricted, very quick
A: large, unfitting armour, claws 3, regeneration 1, shaggy fur 1, tough skin 1,
fangs 1, talons 1, inability to drink after injury 1
a: Renounce Religion


You were on level 2 of the Snake Pit.
You worshipped Jiyva.
Jiyva was aware of your devotion.
You visited 5 branches of the dungeon, and saw 24 of its levels.
You also visited: Bailey, Gauntlet and Ice Cave.

You collected 2482 gold pieces.

Inventory:

Hand Weapons
 F - a +3 vorpal shortbow
 J - the +6 arbalest "Damnation" {damnation}
   (You found it in an ice cave)

   Any ammunition fired from it explodes in a burst of damnation on striking a
   foe, dealing damage which bypasses armour.
 K - a +1 triple crossbow of freezing
Missiles
 d - 4 large rocks
Armour
 a - a +1 robe
 b - a +0 hat (worn)
 k - a scarf of shadows
 o - +2 swamp dragon scales (worn)
 D - quicksilver dragon scales
 I - a +2 tower shield of cold resistance (worn)
Jewellery
 e - a +6 ring of strength
 i - a +6 ring of dexterity (left claw)
 j - a ring of see invisible (right claw)
 p - a ring of ice
 q - a +4 ring of protection
 v - a ring of ice
 y - an amulet of regeneration (around neck)
 B - a ring of protection from cold
 C - a +6 ring of dexterity
 E - a ring of ice
 P - the ring "Fyzuh" {Str-4 Int+6 Dex+6}
   (You found it on level 5 of the Lair of Beasts)

   [ring of dexterity]

   Str:       It affects your strength (-4).
   Int:       It affects your intelligence (+6).
   Dex:       It affects your dexterity (+6).
Wands
 c - a wand of mindburst (1)
 f - a wand of roots (1)
 x - a wand of flame (17) (quivered)
 N - a wand of digging (4)
 O - a wand of light (5)
Scrolls
 g - 4 scrolls of immolation
 h - 5 scrolls of noise
 m - 2 scrolls of amnesia {unknown}
 n - 5 scrolls of teleportation
 s - 6 scrolls of poison
 M - 4 scrolls of identify
Potions
 r - a potion of flight
 u - 5 potions of mutation
 z - 2 potions of berserk rage
 A - a potion of attraction
 G - a potion of lignification
 H - 3 potions of might
 L - a potion of ambrosia


   Skills:
 + Level 10.2 Fighting
 - Level 1.7 Throwing
 * Level 11.8 Armour
 * Level 12.1 Dodging
 * Level 4.2 Stealth
 + Level 14.0 Unarmed Combat


You had 14 spell levels left.
You didn't know any spells.
Your spell library contained the following spells:

 Spells                   Type           Power      Damage    Failure   Level
 Apportation              Tloc           0%         N/A       100%        1
 Foxfire                  Conj/Fire      0%         2x1d4     100%        1
 Magic Dart               Conj           0%         1d3       100%        1
 Necrotise                Necr           0%         1d4       100%        1
 Shock                    Conj/Air       0%         1d3       100%        1
 Summon Small Mammal      Summ           0%         N/A       100%        1
 Call Imp                 Summ           0%         N/A       100%        2
 Scorch                   Fire           0%         2d5       100%        2
 Static Discharge         Conj/Air       0%         3-3/arc   100%        2
 Sublimation of Blood     Necr           0%         N/A       100%        2
 Conjure Flame            Conj/Fire      0%         6-21      100%        3
 Frozen Ramparts          Ice            0%         1d1       100%        3
 Inner Flame              Hex/Fire       0%         N/A       100%        3
 Mephitic Cloud           Conj/Pois/Air  0%         N/A       100%        3
 Swiftness                Air            0%         N/A       100%        3
 Airstrike                Air            0%         2d(0-16)  100%        4
 Dispel Undead            Necr           0%         3d6       100%        4
 Flame Wave               Conj/Fire      0%         2d4       100%        4
 Ice Form                 Ice/Tmut       0%         N/A       100%        4
 Passage of Golubria      Tloc           0%         N/A       100%        4
 Petrify                  Tmut/Erth      0%         N/A       100%        4
 Sticky Flame             Conj/Fire      0%         2d3       100%        4
 Summon Ice Beast         Ice/Summ       0%         N/A       100%        4
 Freezing Cloud           Conj/Ice/Air   0%         6-21      100%        5
 Irradiate                Conj/Tmut      0%         3d11      100%        5
 Iskenderun's Battlesphe  Conj           0%         2d6       100%        5
 Silence                  Hex/Air        0%         N/A       100%        5
 Iron Shot                Conj/Erth      0%         9d1       100%        6
 Simulacrum               Ice/Necr       0%         N/A       100%        6
 Summon Cactus Giant      Summ           0%         N/A       100%        6
 Spellforged Servitor     Conj/Summ      0%         N/A       100%        7
 Lehudib's Crystal Spear  Conj/Erth      0%         10d2      100%        8
 Polar Vortex             Ice            0%         N/A       100%        9


Dungeon Overview and Level Annotations

Branches:
Dungeon (11/15)            Temple (1/1) D:5            Lair (5/5) D:10
  Swamp (0/4) Lair:3        Snake (2/4) Lair:3        Slime (5/5) Lair:5
 Bailey (visited)           IceCv (visited)         Gauntlet (visited)
    Orc: D:9-12

Altars:
Ashenzari
Cheibriados
Dithmenos
Elyvilon
Fedhas
Gozag
Hepliaklqana
Kikubaaqudgha
Makhleb
Nemelex Xobeh
Okawaru
Qazlal
Ru
Sif Muna
Trog
Uskayaw
Vehumet
Wu Jian
Xom
Yredelemnul
Zin
The Shining One
Jiyva

Shops:
D:1 (   D:2 *   D:9 :

Annotations:
Lair:2 exclusion: 2 oklob plants
Lair:4 exclusion: 2 oklob plants
Slime:5 Royal Jelly


Innate Abilities, Weirdness & Mutations

You are too large for most types of armour.
You have claws for hands.
Your natural rate of healing is unusually fast.
You are covered in fur. (AC +1)
You have tough skin. (AC +1)
You have very sharp teeth.
You have sharp toenails.
You occasionally lose the ability to drink potions when taking damage.


Message History

The anaconda bites you. The anaconda constricts you.
You block the shock serpent's attack.
The naga sharpshooter casts a spell.
The naga sharpshooter magically shoots an arrow.
The arrow hits you!
The anaconda bites you but does no damage.
The anaconda constricts you.
Jiyva gurgles merrily.
You barely miss the anaconda. You claw the anaconda!
The anaconda is heavily wounded.
You block the anaconda's attack. The anaconda constricts you.
The shock serpent shoots out a bolt of lightning at you!
The bolt of electricity hits you!
The naga sharpshooter mumbles some strange words.
The naga sharpshooter magically shoots an arrow.
You block the arrow.
The anaconda bites you but does no damage.
The anaconda constricts you. The shock serpent bites you!
* * * LOW HITPOINT WARNING * * *
The shock serpent shocks you!
* * * LOW HITPOINT WARNING * * *
You hear an angry hiss.
As you read the scroll of butterflies, it crumbles to dust.
You hear the tinkle of a tiny bell.
The naga sharpshooter shouts!
The anaconda misses you. The anaconda constricts you.
* * * LOW HITPOINT WARNING * * *
The shock serpent bites you.
* * * LOW HITPOINT WARNING * * *
The shock serpent shocks you!
* * * LOW HITPOINT WARNING * * *
A black mamba comes into view.
The anaconda bites you but does no damage.
The anaconda constricts you.
A red film seems to cover your vision as you go berserk!
You feel yourself moving faster!
You feel mighty! You block the shock serpent's attack. The anaconda bites you!
* * * LOW HITPOINT WARNING * * *
The anaconda constricts you. The shock serpent bites you!
You die...

..# #. .. #..#
#. (.. .N
#..###.. #..#
... ...#.. #..#
#... #...# ...#
#..##.bb##..#
#..bbSbb..#
##.bb@S..##
#..bbb.b..#
#..##bbb##..#
#N. #...# ...#
. ...#.N. ...#
....###..#..S.#
#...# #..##...
#...# #...##.
#..# #.N.


You could see 2 naga sharpshooters, an anaconda (ally target) and a shock
serpent (ally target).

Vanquished Creatures
  Agnes (Snake:1)
  A frost giant (IceCv)
  Snorg (Lair:5)
  3 hydras (Lair:5)
  A boulder beetle (Lair:5)
  2 catoblepae
  A centaur warrior (D:10)
  An anaconda (Snake:2)
  3 two-headed ogres (D:10)
  2 naga warriors (Snake:1)
  11 death yaks
  2 naga sharpshooters (Snake:1)
  Sonja (Lair:5)
  5 lindwurms
  Pikel (D:8)
  3 deep elf pyromancers
  A wizard (D:10)
  3 mana vipers (Snake:1)
  An orc knight (D:10)
  4 ugly things (D:10)
  An orc sorcerer (D:9)
  A salamander (Snake:1)
  4 manticores
  10 black mambas
  An ice statue (IceCv)
  15 elephants
  Maggie (D:6)
  Joseph (D:8)
  13 cane toads
  4 naga magi (Snake:1)
  A gargoyle (D:10)
  3 komodo dragons (Lair:5)
  5 rime drakes
  A freezing wraith (D:10)
  A tengu conjurer (D:10)
  4 trolls
  8 polar bears
  3 meliai (Lair:4)
  2 hornets (D:10)
  A slime creature (D:9)
  Prince Ribbit (D:6)
  A queen bee (Lair:4)
  5 blink frogs
  3 dream sheep (Lair:5)
  9 wyverns
  A vampire (D:10)
  2 wraiths
  4 shadows (D:10)
  Eustachio (D:4)
  A steam dragon (D:7)
  68 yaks
  7 fire bats
  7 vampire mosquitoes (Lair:3)
  2 basilisks
  Menkaure (D:4)
  2 acid dragons (D:10)
  10 nagas
  20 water moccasins
  8 orc warriors
  An ice beast (D:7)
  2 sky beasts
  36 wolves
  An ogre (D:5)
  4 centaurs
  3 kobold brigands
  A lemure (D:8)
  7 bullfrogs
  A gnoll sergeant (D:10)
  3 necrophages
  7 scorpions
  5 wights
  42 killer bees
  A howler monkey (D:10)
  A lava snake (Lair:3)
  5 hounds
  2 jellies
  2 orc priests
  Jessica (D:3)
  5 orc wizards
  An iguana (D:5)
  3 hell rats
  7 gnolls (D:3)
  5 adders
  5 river rats (Lair:1)
  3 ufetubi
  A worm (D:3)
  4 dart slugs
  32 orcs
  11 bats
  10 endoplasms
  4 giant cockroaches
  11 hobgoblins
  20 kobolds
  2 quokkas
  5 ball pythons
  3 frilled lizards (D:1)
  6 goblins
  3 rats
  A butterfly (Lair:3)
  A fire vortex (Lair:5)
549 creatures vanquished.

Vanquished Creatures (others)
  A naga ritualist (Snake:1)
  A black mamba (Snake:1)
  A naga (Snake:1)
  A killer bee (Lair:4)
  5 jellies
  An orc (D:8)
  38 fungi
  31 plants
79 creatures vanquished.

Grand Total: 628 creatures vanquished

Notes
Turn   | Place    | Note
-------+----------+-------------------------------------------
     0 | D:1      | itabs500 the Troll Gladiator began the quest for the Orb.
     0 | D:1      | Reached XP level 1. HP: 19/19 MP: 0/0
   176 | D:1      | Reached XP level 2. HP: 28/28 MP: 1/1
   485 | D:1      | Reached XP level 3. HP: 35/35 MP: 2/2
   523 | D:1      | Found Horrugam's Weapon Shop.
   815 | D:2      | Found Wainnaly's General Store.
   840 | D:2      | Found a white marble altar of Elyvilon.
  1069 | D:2      | Reached skill level 4 in Unarmed Combat
  1093 | D:2      | Found a faded altar of an unknown god.
  1442 | D:3      | Reached XP level 4. HP: 14/44 MP: 3/3
  1816 | D:3      | Reached skill level 5 in Unarmed Combat
  1816 | D:3      | Reached XP level 5. HP: 27/50 MP: 4/4
  1939 | D:3      | Noticed Jessica
  1950 | D:3      | Killed Jessica
  2233 | D:4      | Noticed Menkaure
  2308 | D:5      | Entered Level 5 of the Dungeon
  2355 | D:5      | Found a staircase to the Ecumenical Temple.
  2430 | Temple   | Entered the Ecumenical Temple
  2735 | Temple   | Became a worshipper of Elyvilon the Healer
  3083 | D:5      | Reached XP level 6. HP: 61/61 MP: 5/5
  3116 | D:5      | Reached skill level 6 in Unarmed Combat
  3261 | D:5      | Reached * piety under Elyvilon
  3516 | D:5      | Reached XP level 7. HP: 68/68 MP: 6/6
  3620 | D:4      | Found a sacrificial altar of Ru.
  3628 | D:4      | You fall into a shaft and drop 2 floors!
  3649 | D:6      | Noticed Maggie
  3674 | D:6      | Killed Maggie
  3675 | D:6      | Reached skill level 7 in Unarmed Combat
  3807 | D:6      | Identified a scroll of acquirement
  3807 | D:6      | Acquired 781 gold pieces
  4152 | D:6      | Reached skill level 8 in Unarmed Combat
  4183 | D:6      | Reached ** piety under Elyvilon
  4191 | D:6      | Reached XP level 8. HP: 75/79 MP: 7/7
  4360 | D:6      | Noticed Prince Ribbit
  4365 | D:6      | Killed Prince Ribbit
  4366 | D:6      | Reached skill level 5 in Fighting
  4580 | D:4      | Noticed Eustachio
  4592 | D:4      | Killed Eustachio
  4593 | D:4      | Reached skill level 9 in Unarmed Combat
  4785 | D:4      | Killed Menkaure
  5325 | D:7      | Reached skill level 10 in Unarmed Combat
  5359 | D:7      | Reached XP level 9. HP: 65/89 MP: 8/8
  5464 | D:7      | Reached skill level 1 in Armour
  5501 | D:7      | Reached *** piety under Elyvilon
  5616 | D:7      | Found a flagged portal.
  5625 | Bailey   | Entered a bailey
  5685 | Bailey   | Elyvilon protects you from harm!
  5687 | Bailey   | HP: 4/87 [orc warrior/+0 glaive (5)]
  6047 | D:7      | Noticed a troll
  6058 | D:7      | Killed a troll
  6857 | D:8      | Found a stormy altar of Qazlal.
  6892 | D:8      | Reached XP level 10. HP: 83/100 MP: 9/9
  6979 | D:8      | Found a radiant altar of Vehumet.
  7141 | D:8      | Noticed Pikel
  7152 | D:8      | Killed Pikel
  7195 | D:8      | Reached skill level 5 in Dodging
  7243 | D:8      | Noticed Joseph
  7258 | D:8      | Killed Joseph
  7263 | D:8      | Reached skill level 11 in Unarmed Combat
  7519 | D:9      | Noticed an orc sorcerer
  7539 | D:9      | Killed an orc sorcerer
  7613 | D:9      | Identified the +1 pair of gloves "Qicvog" {Str+4}
  7790 | D:9      | Reached skill level 5 in Armour
  7928 | D:9      | Reached **** piety under Elyvilon
  7948 | D:9      | Found Guefurch's Book Shop.
  8326 | D:9      | Noticed a deep elf pyromancer
  8340 | D:9      | Killed a deep elf pyromancer
  8341 | D:9      | Reached XP level 11. HP: 100/107 MP: 10/10
  8535 | D:9      | Gained mutation: You occasionally lose the ability to drink
                  | potions when taking damage. [potion of mutation]
  8535 | D:9      | Gained mutation: You have hidden genetic potential. [potion
                  | of mutation]
  8537 | D:10     | Entered Level 10 of the Dungeon
  8577 | D:10     | Noticed a two-headed ogre
  8595 | D:10     | Killed a two-headed ogre
  8745 | D:10     | Found a staircase to the Lair.
  8861 | D:10     | Noticed a deep elf pyromancer
  8871 | D:10     | Noticed an orc knight
  8873 | D:10     | Noticed a two-headed ogre
  8874 | D:10     | Killed a deep elf pyromancer
  8875 | D:10     | Noticed a centaur warrior
  8886 | D:10     | Noticed a cyan ugly thing
  8912 | D:10     | Killed a cyan ugly thing
  8913 | D:10     | Noticed a wizard
  8940 | D:10     | Killed a centaur warrior
  8956 | D:10     | Noticed a deep elf pyromancer
  8960 | D:10     | Killed a two-headed ogre
  8970 | D:10     | Killed an orc knight
  8971 | D:10     | Reached skill level 12 in Unarmed Combat
  8987 | D:10     | Killed a wizard
  9009 | D:10     | Killed a deep elf pyromancer
  9010 | D:10     | Reached XP level 12. HP: 47/119 MP: 8/11
  9017 | D:10     | Found a snail-covered altar of Cheibriados.
  9017 | D:10     | Found a blossoming altar of Fedhas.
  9279 | D:10     | Noticed a two-headed ogre
  9295 | D:10     | Gained mutation: You have very sharp teeth. [hidden
                  | potential]
  9300 | D:10     | Killed a two-headed ogre
 10173 | Lair:1   | Entered Level 1 of the Lair of Beasts
 11236 | Lair:2   | Identified the +4 chain mail of Elyvilon's Esteem {rPois
                  | rCorr}
 11333 | Lair:2   | Noticed a death yak
 11334 | Lair:2   | Noticed a death yak
 11350 | Lair:2   | Killed a death yak
 11356 | Lair:2   | Killed a death yak
 11491 | Lair:2   | Noticed a death yak
 11509 | Lair:2   | Killed a death yak
 11900 | Lair:2   | Found a blossoming altar of Fedhas.
 12012 | Lair:2   | Reached XP level 13. HP: 76/130 MP: 12/12
 12437 | Lair:3   | Gained mutation: You have sharp toenails. [hidden
                  | potential]
 12437 | Lair:3   | Lost mutation: You have hidden genetic potential. [hidden
                  | potential expressed]
 12447 | Lair:3   | Found a frozen archway.
 12524 | IceCv    | Entered an ice cave
 12573 | IceCv    | Reached skill level 10 in Dodging
 13351 | IceCv    | Reached skill level 13 in Unarmed Combat
 13535 | IceCv    | Reached skill level 10 in Armour
 13594 | IceCv    | Noticed a frost giant
 13631 | IceCv    | Killed a frost giant
 13696 | IceCv    | Found the +6 arbalest "Damnation" {damnation}
 14203 | Lair:3   | Reached skill level 1 in Stealth
 14536 | Lair:3   | Found a staircase to the Swamp.
 14699 | Lair:3   | Reached ***** piety under Elyvilon
 14866 | Lair:3   | Found a staircase to the Snake Pit.
 15384 | Lair:4   | Found a gate leading to a gauntlet.
 15393 | Gauntlet | Entered a Gauntlet
 15393 | Gauntlet | Found a transporter.
 15393 | Gauntlet | Found a transporter.
 15396 | Gauntlet | Found a transporter.
 15396 | Gauntlet | Found a transporter.
 15399 | Gauntlet | Found a transporter.
 15400 | Gauntlet | Found a transporter.
 15409 | Gauntlet | Found a transporter.
 15413 | Gauntlet | Found a transporter.
 15423 | Gauntlet | Found a transporter.
 15427 | Gauntlet | Noticed a blizzard demon
 15529 | Gauntlet | Found a transporter.
 15529 | Gauntlet | Found a transporter.
 15541 | Gauntlet | Found a transporter.
 15728 | Lair:4   | Reached XP level 14. HP: 140/140 MP: 13/13
 15814 | Lair:4   | HP: 7/140 [meliai/divine providence (13)]
 15816 | Lair:4   | HP: 2/140 [meliai/+0 hand axe (5)]
 15836 | Lair:4   | HP: 2/141 [steam dragon/ball of steam (15)]
 16421 | Lair:4   | Acquired a +1 triple crossbow of freezing
 16456 | Lair:5   | Entered Level 5 of the Lair of Beasts
 16619 | Lair:5   | Noticed Sonja
 16792 | Lair:5   | Noticed Snorg
 16803 | Lair:5   | Killed Snorg
 16836 | Lair:5   | Killed Sonja
 17580 | Lair:5   | Reached skill level 10 in Fighting
 17657 | Lair:5   | Found a viscous altar of Jiyva.
 17658 | Lair:5   | Found a staircase to the Slime Pits.
 17669 | Lair:5   | Fell from the grace of Elyvilon
 17671 | Lair:5   | Became a worshipper of Jiyva Jalyuh the Shapeless
 18294 | Lair:5   | Identified the ring "Fyzuh" {Str-4 Int+6 Dex+6}
 18403 | Slime:1  | Entered Level 1 of the Pits of Slime
 18596 | Slime:2  | Noticed an acid blob
 18596 | Slime:2  | Noticed a quicksilver ooze
 18596 | Slime:2  | Noticed an acid blob
 18597 | Slime:2  | Noticed an acid blob
 18604 | Slime:2  | Noticed a rockslime
 18629 | Slime:2  | Noticed an acid blob
 18696 | Slime:2  | Noticed an acid blob
 18759 | Slime:2  | Noticed a quicksilver ooze
 18864 | Slime:2  | Noticed a rockslime
 18870 | Slime:2  | Noticed a quicksilver ooze
 19053 | Slime:4  | Noticed an azure jelly
 19054 | Slime:4  | Noticed a quicksilver ooze
 19121 | Slime:4  | Noticed an acid blob
 19123 | Slime:4  | Noticed an acid blob
 19192 | Slime:4  | Noticed an acid blob
 19250 | Slime:5  | Entered Level 5 of the Pits of Slime
 19275 | Slime:5  | Noticed an acid blob
 19279 | Slime:5  | Noticed a quicksilver ooze
 19283 | Slime:5  | Found a viscous altar of Jiyva.
 19285 | Slime:5  | Noticed an azure jelly
 19286 | Slime:5  | Noticed the Royal Jelly
 19289 | Slime:5  | Found the +5 robe of Night {Dark Will+ SInv}
 19299 | Slime:5  | Noticed an acid blob
 19300 | Slime:5  | Noticed a rockslime
 19304 | Slime:5  | Noticed an acid blob
 19305 | Slime:5  | Noticed an azure jelly
 19306 | Slime:5  | Noticed an azure jelly
 19310 | Slime:5  | Noticed a quicksilver ooze
 19330 | Slime:5  | Noticed an acid blob
 19403 | Slime:5  | Noticed an acid blob
 19658 | Slime:3  | Noticed an azure jelly
 19876 | Snake:1  | Entered Level 1 of the Snake Pit
 20401 | Snake:1  | Reached * piety under Jiyva
 20574 | Snake:1  | Noticed Agnes
 20591 | Snake:1  | Killed Agnes
 20648 | Snake:1  | Reached skill level 14 in Unarmed Combat
 20648 | Snake:1  | Reached XP level 15. HP: 130/149 MP: 14/14
 21552 | Snake:2  | HP: 7/149 [shock serpent (10)]
 21553 | Snake:2  | HP: 1/223 [anaconda[a naga ritualist] (13)]
 21553 | Snake:2  | Mangled by a shock serpent

Illustrated notes

Levels and vault maps discovered:
D:1:      minmay_arrival_open_corners, layout_rooms, serial_shops, shop,
          chequers_serial_rivers_small_3
D:2:      layout_rooms, serial_shops, nicolae_shop_trees, basic_altar,
          shapermc_ecumenical_altar_totnotflames
D:3:      layout_rooms, serial_rivers, chequers_serial_rivers_micro_d,
          chequers_serial_rivers_room_b, chequers_serial_rivers_micro_c,
          chequers_serial_rivers_micro_a, chequers_serial_rivers_room_a,
          uniq_jessica
D:4:      old_forge, layout_cave_pods, overflow_temple_1_default,
          minmay_misc_feat_alley, uniq_eustachio, uniq_menkaure
D:5:      layout_cave_pods, minmay_temple_entry_mini_moons, amethyst_killhole
D:6:      layout_basic, uniq_maggie, uniq_prince_ribbit1
D:7:      layout_loops_ring, enter_bailey_3
D:8:      layout_loops_ring, fiery_altar_vehumet,
          nicolae_qazlal_general_emergency, uniq_joseph, uniq_pikel
D:9:      cheibrodos_wizards_tower, layout_basic, serial_shops, shop_fountains,
          minmay_checkerbox
D:10:     nzn_winding_woodlands_large [nzn_winding_woodlands_5x5_checkerboard,
          nzn_winding_woodlands_5x15_parted, nzn_winding_woodlands_5x5_three,
          nzn_winding_woodlands_center_triple_pond,
          nzn_winding_woodlands_15x15_killbox,
          nzn_winding_woodlands_center_pierced_h,
          nzn_winding_woodlands_5x5_perimeter,
          nzn_winding_woodlands_5x15_crooked,
          nzn_winding_woodlands_5x5_open_star], layout_loops_cross,
          chequers_temple_overflow_statue_of_worship, minivault_16, centaur_isle
D:11:     layout_basic, cheibrodos_ashenzari_chains, uniq_grum
Temple:   minmay_temple_bridge_d
Lair:1:   layout_roguey, kennysheep_rathole
Lair:2:   layout_chaotic_city, st_stairs_3, hangedman_tree_tricks,
          minmay_lindwurm_lava
Lair:3:   layout_gridlike, minmay_swamp_entry_swarm,
          minmay_snake_entry_guardpost_medium, portal_ice_cave_entry_pillars_1,
          grunt_megastairs_5, lemuel_fruit_fields
Lair:4:   regret_index_harrowing_hell_hive, layout_hall_layers,
          gauntlet_entry_generic
Lair:5:   hangedman_lair_in_review, layout_gridlike, slime_entry_1, uniq_snorg,
          uniq_sonja
Snake:1:  layout_rooms, nicolae_triple_integral, uniq_agnes
Snake:2:  nicolae_snake_crotalidae_crossing, layout_basic, serial_shops, shop,
          grunt_megastairs_2, uniq_aizul
Slime:1:  layout_caves
Slime:2:  layout_caves, nicolae_slime_round_cave
Slime:3:  layout_caves, basic_altar, nicolae_slime_barrier
Slime:4:  layout_caves
Slime:5

Skill      XL: |  1  2  3  4  5  6  7  8  9 10 11 12 13 14 15 |
---------------+----------------------------------------------+-----
Fighting       | 2 3 4 5 6 7 8 9 10 | 10.2
Unarmed Combat | 4 5 6 8 10 11 12 13 14 | 14.0
Armour         | 3 5 7 9 10 11 | 11.8
Dodging        | 4 6 8 9 11 12 | 12.1
Stealth        | 1 3 4 |  4.2
Throwing       | |  1.7

Action                   |  1- 3 |  4- 6 |  7- 9 | 10-12 | 13-15 || total
-------------------------+-------+-------+-------+-------+-------++-------
Melee: Unarmed           |   107 |    77 |   225 |   548 |   947 ||  1904
       Punch             |     2 |     3 |    12 |    44 |    24 ||    85
       Bite              |       |       |       |    36 |   158 ||   194
       Kick              |       |       |       |       |   402 ||   402
 Fire: Shortbow          |       |       |       |       |    15 ||    15
Throw: Throwing net      |       |     1 |     5 |     2 |       ||     8
       Large rock        |       |       |     1 |       |       ||     1
Invok: Heal Self         |       |       |     1 |     9 |     6 ||    16
       Purification      |       |       |       |     1 |       ||     1
       Renounce Religion |       |       |       |       |     1 ||     1
Evoke: Wand              |       |       |     1 |    10 |     7 ||    18
  Use: Scroll            |     6 |       |     6 |     6 |    14 ||    32
       Potion            |     2 |     1 |     3 |    12 |    15 ||    33
 Stab: Sleeping          |     3 |       |       |       |     1 ||     4
       Distracted        |       |     1 |       |     1 |     1 ||     3
       Held in net/web   |       |       |     2 |     1 |       ||     3
       Petrifying        |       |       |       |       |     1 ||     1
Armor: Robe              |    26 |    16 |    12 |       |       ||    54
       Swamp dragon scal |       |       |    69 |   140 |    21 ||   230
       Quicksilver drago |       |       |       |     9 |   411 ||   420
Dodge: Dodged            |    56 |    28 |   114 |   291 |   692 ||  1181
Block: Tower shield      |       |       |       |       |   774 ||   774
